AoeStats
← Comend x comend

Black Forest

510030868Analyzed
4v4 RM · 3d ago on Sep 29, 2026· 40m 7s· 8 players
Game mode
Random Map
Map size
Large (8 player)
Population
200
Speed
Normal
Resources
Standard
Victory
Conquest
Starting age
Dark Age
Ending age
Imperial Age
RankedLock teamsTeams togetherTeam positionsShared explorationLock speedFull tech treeHidden civsTurbo modeCheats
Victory
Defeat
🇨🇦 Maya · Canada
1525
+9
🇮🇩 Lithuanians · Indonesia
1437
+13
🇮🇩 Mongols · Indonesia
1430
+13
🇮🇩 Koreans · Indonesia
1324
+16
🇨🇳 Bengalis · China
1409
-15
🇨🇳 Persians · China
1373
-13
🇵🇪 Turks · Peru
1369
-13
🇺🇸 Teutons · United States
1292
-10
_FJ_菜并快乐
10:47 Feudal Age
11:34 Double-Bit Axe
14:28 Castle Age
15:57 Scale Barding Armor
18:29 Loom
21:07 Chain Barding Armor
24:19 Bloodlines
25:36 Forging
27:36 Horse Collar
28:06 Bow Saw
28:32 Husbandry
32:50 Wheelbarrow
32:02 Town Watch
36:12 Imperial Age
34:09 Caravan
35:57 Iron Casting
35:56 Kamandaran
36:11 Capped Ram
36:21 Cavalier
36:33 Crossbowman
38:17 Plate Barding Armor
37:58 Fletching
39:09 Blast Furnace
38:35 Conscription
40:24 Chemistry
39:45 Ballistics
40:07 Bodkin Arrow
Comend x comend
0:42 Loom
12:34 Feudal Age
16:28 Castle Age
20:43 Imperial Age
29:37 Horse Collar
36:26 Wheelbarrow
35:58 Gold Mining
36:36 Double-Bit Axe
36:42 Heavy Camel Rider
37:33 Bloodlines
38:35 Bloodlines
38:26 Husbandry
mdecelle
1:36 Loom
13:28 Feudal Age
17:05 Castle Age
34:26 Double-Bit Axe
36:16 Bow Saw
chenst2020
3:00 Loom
10:47 Feudal Age
15:12 Castle Age
13:33 Double-Bit Axe
17:27 Wheelbarrow
20:09 Bow Saw
21:48 Gold Mining
21:43 Horse Collar
22:41 Scale Barding Armor
23:19 Forging
23:36 Bloodlines
24:11 Chain Barding Armor
25:20 Husbandry
26:07 Iron Casting
30:45 Hand Cart
33:48 Devotion
37:58 Imperial Age
38:05 Paiks
38:12 Fletching
38:04 Elite Battle Elephant
39:21 Plate Barding Armor
39:46 Blast Furnace
39:10 Conscription
JMDDN
0:26 Loom
10:26 Feudal Age
14:01 Castle Age
12:15 Double-Bit Axe
13:36 Gold Mining
16:31 Bow Saw
17:45 Fletching
18:40 Horse Collar
22:01 Bodkin Arrow
25:53 Ballistics
25:41 Padded Archer Armor
27:14 Leather Archer Armor
29:03 Thumb Ring
31:56 Wheelbarrow
32:22 Heavy Plow
32:38 Stone Mining
36:19 Imperial Age
36:11 Masonry
35:41 Treadmill Crane
35:57 Murder Holes
37:35 Architecture
37:41 Hoardings
37:19 Bracer
38:14 Ring Archer Armor
38:48 Chemistry
38:35 Elite Plumed Archer
40:15 Ring Archer Armor
SPPG_Aruba
0:36 Loom
10:34 Feudal Age
12:08 Fletching
21:06 Castle Age
19:35 Scale Mail Armor
19:45 Gold Mining
19:49 Double-Bit Axe
26:33 Chain Mail Armor
28:44 Wheelbarrow
29:19 Pikeman
33:48 Imperial Age
31:49 Forging
31:41 Squires
33:19 Bodkin Arrow
33:38 Masonry
35:42 Chemistry
35:10 Bow Saw
35:27 Fortified Wall
35:26 Bracer
38:41 Halberdier
41:16 Plate Mail Armor
Adm_416
0:33 Loom
10:42 Feudal Age
11:35 Double-Bit Axe
15:30 Castle Age
14:19 Horse Collar
15:38 Wheelbarrow
23:19 Masonry
25:07 Forging
25:03 Scale Barding Armor
26:17 Bloodlines
37:31 Heavy Plow
37:52 Bow Saw
Kijiibd
10:10 Feudal Age
13:44 Castle Age
11:39 Double-Bit Axe
16:22 Wheelbarrow
20:14 Horse Collar
20:59 Bow Saw
22:47 Hand Cart
23:01 Scale Barding Armor
23:36 Bloodlines
23:52 Husbandry
24:02 Gold Mining
24:54 Loom
25:52 Chain Barding Armor
26:48 Forging
27:33 Stone Mining
29:47 Iron Casting
30:15 Stone Shaft Mining
29:46 Heavy Plow
32:45 Imperial Age
32:55 Pikeman
33:35 Squires
33:52 Scale Mail Armor
33:36 Elite Leitis
33:58 Halberdier
35:22 Chain Mail Armor
35:59 Conscription
35:48 Tower Shields
36:53 Plate Barding Armor
36:41 Arson
39:44 Town Watch
40:02 Fletching
Connection lost

Rejoining the realm…

Still unreachable

The connection could not be restored.

Session expired

The server has moved on; the page needs a fresh start.